 Dungeon Crawl Stone Soup version 0.31-a0-210-gccc998df9b (webtiles) character file.

Game seed: 8912206246454985400

2692740 initializr the Slayer (level 27, 268/268 HPs)
             Began as a Pale Draconian Artificer on June 30, 2023.
             Was an Initiate of Gozag.
             Escaped with the Orb
             ... and 5 runes on July 1, 2023!
             The game lasted 02:50:14 (90258 turns).

initializr the Slayer (Pale Draconian Artificer)   Turns: 90258, Time: 02:50:14

Health: 268/268    AC: 19    Str: 22    XL:     27
Magic:  45/45      EV: 37    Int: 14    God:    Gozag
Gold:   3213       SH:  0    Dex: 27    Spells: 21/62 levels left

rFire   + +          .
                       - Unarmed
rCold   + + +        (no shield)
rNeg    . . .        (body armour unavailable)
rPois   .            Z - +0 hat
rElec   .            y - +1 cloak of Xorchonwo {Drain rCorr Str+3 Slay+5}
rCorr   +            z - +0 pair of gloves
SInv    .            W - +2 pair of boots
Will    +++..        c - amulet of Telat {Harm +Blink rC+++ Regen+ rCorr}
Stlth   ++           D - ring "Macecocu" {Wiz rF+}
HPRegen 1.44/turn    E - ring "Hirphuj" {rF+ Will+ Str+2 Dex+6}
MPRegen 0.29/turn

%: harm (+30% outgoing, +20% incoming), clarity, wizardry (x1)
@: studying 4 skills
A: breathe steam, AC +13, unfitting armour, cold-blooded, steam resistance,
clarity, screaming 1
0: Orb of Zot
}: 5/15 runes: serpentine, barnacled, slimy, silver, abyssal
a: Breathe Steam, Renounce Religion, Evoke Blink, Potion Petition, Call
Merchant, Bribe Branch


You escaped.
You worshipped Gozag.
Gozag was most pleased with you.
You visited 12 branches of the dungeon, and saw 56 of its levels.
You visited the Abyss 1 time.
You also visited: Trove, Sewer, Ossuary, Ice Cave and Desolation.

You collected 34773 gold pieces.
You spent 13894 gold pieces at shops.
You paid 17666 gold pieces to Gozag.


Innate Abilities, Weirdness & Mutations

You can breathe blasts of scalding, opaque steam.
Your pale cyan-grey scales are hard. (AC +13)
You cannot fit into any form of body armour.
You are cold-blooded and may be slowed by cold attacks.
You are immune to the effects of steam.
You possess an exceptional clarity of mind.
You occasionally shout uncontrollably at your foes.


   Skills:
 + Level 25.7 Fighting
 + Level 24.0 Dodging
 - Level 5.0 Stealth
 + Level 25.1 Unarmed Combat
 + Level 18.1 Spellcasting
 * Level 23.5 Translocations
 - Level 16.0 Transmutations
 - Level 7.0 Earth Magic
 - Level 3.2 Evocations


You had 21 spell levels left.
You knew the following spells:

 Your Spells              Type           Power      Damage    Failure   Level
b - Blink                 Tloc           100%       N/A       0%          2
d - Dragon Form           Tmut           27%        N/A       2%          7
i - Irradiate             Conj/Tmut      17%        3d17      1%          5
m - Manifold Assault      Tloc           68%        N/A       0%          4
p - Passage of Golubria   Tloc           68%        N/A       0%          4
s - Statue Form           Tmut/Erth      29%        N/A       2%          6
w - Wereblood             Tmut           55%        N/A       0%          2
y - Yara's Violent Unrav  Hex/Tmut       17%        3d8       1%          5
D - Dispersal             Tloc           34%        N/A       1%          6

Your spell library contained the following spells:

 Spells                   Type           Power      Damage    Failure   Level
 Apportation              Tloc           100%       N/A       0%          1
 Beastly Appendage        Tmut           100%       N/A       0%          1
 Lesser Beckoning         Tloc           100%       N/A       0%          2
 Gell's Gravitas          Tloc           68%        N/A       0%          3
 Teleport Other           Tloc           68%        N/A       0%          3
 Foxfire                  Conj/Fire      48%        2x1d6     1%          1
 Kiss of Death            Conj/Necr      48%        2d9       1%          1
 Magic Dart               Conj           48%        1d5       1%          1
 Shock                    Conj/Air       48%        1d6       1%          1
 Sting                    Tmut/Pois      100%       1d8       1%          1
 Momentum Strike          Conj/Tloc      90%        3d10      1%          2
 Passwall                 Tmut/Erth      36%        N/A       1%          2
 Ignite Poison            Fire/Tmut/Pois 27%        N/A       1%          3
 Portal Projectile        Hex/Tloc       90%        N/A       1%          3
 Spider Form              Tmut/Pois      35%        N/A       1%          3
 Vhi's Electric Charge    Tloc/Air       90%        N/A       1%          3
 Volatile Blastmotes      Fire/Tloc      90%        2d17      1%          3
 Ice Form                 Ice/Tmut       35%        N/A       1%          4
 Iskenderun's Mystic Bla  Conj/Tloc      45%        2d10      1%          4
 Petrify                  Tmut/Erth      44%        N/A       1%          4
 Alistair's Intoxication  Tmut/Pois      23%        N/A       1%          5
 Blade Hands              Tmut           27%        N/A       1%          5
 Disjunction              Tloc           34%        N/A       1%          8
 Call Imp                 Summ           24%        N/A       2%          2
 Ensorcelled Hibernation  Hex/Ice        24%        N/A       2%          2
 Poisonous Vapours        Pois/Air       24%        N/A       2%          2
 Scorch                   Fire           24%        2d6       2%          2
 Searing Ray              Conj           24%        2d5       2%          2
 Static Discharge         Conj/Air       24%        2-3/arc   2%          2
 Sublimation of Blood     Necr           12%        N/A       2%          2
 Lee's Rapid Deconstruct  Erth           16%        3d10*     2%          5
 Leda's Liquefaction      Hex/Erth       11%        N/A       4%          4
 Dazzling Flash           Conj/Hex       24%        N/A       6%          3
 Frozen Ramparts          Ice            24%        1d4       6%          3
 Hailstorm                Conj/Ice       12%        3d5       6%          3
 Inner Flame              Hex/Fire       12%        N/A       6%          3
 Mephitic Cloud           Conj/Pois/Air  12%        N/A       6%          3
 Ozocubu's Armour         Ice            12%        N/A       6%          3
 Summon Guardian Golem    Hex/Summ       12%        N/A       6%          3
 Swiftness                Air            12%        N/A       6%          3
 Tukima's Dance           Hex            12%        N/A       6%          3
 Vampiric Draining        Necr           12%        2d6       6%          3
 Borgnjor's Vile Clutch   Necr/Erth      11%        N/A       12%         5
 Malign Gateway           Summ/Tloc      22%        N/A       12%         7
 Airstrike                Air            6%         2d(1-17)  17%         4
 Anguish                  Hex/Necr       6%         N/A       17%         4
 Cause Fear               Hex            6%         N/A       17%         4
 Flame Wave               Conj/Fire      12%        2d6       17%         4
 Fulminant Prism          Conj/Hex       6%         3d6       17%         4
 Olgreb's Toxic Radiance  Pois           12%        N/A       17%         4
 Sticky Flame             Conj/Fire      12%        2d4       17%         4
 Summon Lightning Spire   Summ/Air       12%        N/A       17%         4
 Agony                    Necr           12%        N/A       43%         5
 Arcjolt                  Conj/Air       6%         1d16      43%         5
 Fireball                 Conj/Fire      6%         3d5       43%         5
 Iskenderun's Battlesphe  Conj           12%        2d7       43%         5
 Metabolic Englaciation   Hex/Ice        6%         N/A       43%         5
 Silence                  Hex/Air        6%         N/A       43%         5
 Summon Mana Viper        Hex/Summ       12%        N/A       43%         5
 Storm Form               Tmut/Air       17%        N/A       47%         7
 Leda's Unmaking          Conj/Erth      11%        9d3       52%         6
 Plasma Beam              Fire/Air       6%         2x1d16    93%         6
 Starburst                Conj/Fire      6%         6d4       93%         6
 Summon Cactus Giant      Summ           6%         N/A       93%         6
 Necromutation            Tmut/Necr      17%        N/A       98%         8
 Enfeeble                 Hex            6%         N/A       100%        7
 Spellforged Servitor     Conj/Summ      6%         N/A       100%        7
 Borgnjor's Revivificati  Necr           6%         N/A       100%        8
 Discord                  Hex            6%         N/A       100%        8
 Ignition                 Fire           6%         3d4       100%        8
 Lehudib's Crystal Spear  Conj/Erth      11%        10d4      100%        8
 Maxwell's Capacitive Co  Air            6%         ∞         100%        8
 Chain Lightning          Conj/Air       6%         3d8       100%        9
 Death's Door             Necr           6%         N/A       100%        9
 Dragon's Call            Summ           6%         N/A       100%        9
 Fire Storm               Conj/Fire      6%         8d2       100%        9
 Polar Vortex             Ice            6%         N/A       100%        9
 Shatter                  Erth           16%        3d15*     100%        9
 Simulacrum               Ice/Necr       Unusable   N/A       N/A         6

Inventory:

Hand Weapons
 O - the +8 sling "Ujeng" {flame, rCorr}
   (You found it on level 1 of the Realm of Zot)

   rCorr:     It protects you from acid and corrosion.
Armour
 y - the +1 cloak of Xorchonwo (worn) {Drain rCorr Str+3 Slay+5}
   (You found it on level 4 of the Dungeon)

   Str:       It affects your strength (+3).
   Slay:      It affects your accuracy & damage with ranged weapons and melee
   (+5).
   rCorr:     It protects you from acid and corrosion.
   Drain:     It drains your maximum health when unequipped.
 z - a +0 pair of gloves (worn)
   (You found it on level 2 of the Snake Pit)
 W - a +2 pair of boots (worn)
   (You found it on level 14 of the Dungeon)
 Y - a +0 kite shield
   (You took it off a white draconian on level 1 of the Realm of Zot)
 Z - a +0 hat (worn)
   (You found it on level 1 of the Vaults)
Jewellery
 c - the amulet of Telat (around neck) {Harm +Blink rC+++ Regen+ rCorr}
   (You found it on level 3 of the Crypt)

   [amulet of regeneration]

   rC:        It renders you almost immune to cold.
   +Blink:    It lets you blink.
   Regen:     It increases your rate of health regeneration.
   rCorr:     It protects you from acid and corrosion.
   Harm:      It increases damage dealt and taken.
 e - the ring "Hatucer" {rPois rC+ rCorr Dex+3}
   (You bought it in a shop on level 4 of the Depths)

   [ring of poison resistance]

   Dex:       It affects your dexterity (+3).
   rC:        It protects you from cold.
   rPois:     It protects you from poison.
   rCorr:     It protects you from acid and corrosion.
 j - the ring "Reudysmi" {rElec rN+}
   (You found it on level 3 of the Crypt)

   [ring of positive energy]

   rElec:     It insulates you from electricity.
   rN:        It protects you from negative energy.
 t - the ring of Vinycir {rN+ Slay+6}
   (You found it on level 3 of the Crypt)

   [ring of positive energy]

   Slay:      It affects your accuracy & damage with ranged weapons and melee
   (+6).
   rN:        It protects you from negative energy.
 C - a ring of protection from cold
   (You found it on level 6 of the Dungeon)
 D - the ring "Macecocu" (left hand) {Wiz rF+}
   (You bought it in a shop on level 15 of the Dungeon)

   [ring of wizardry]

   It improves your spell success rate.
   rF:        It protects you from fire.
 E - the ring "Hirphuj" (right hand) {rF+ Will+ Str+2 Dex+6}
   (You bought it in a shop on level 4 of the Depths)

   [ring of dexterity]

   Str:       It affects your strength (+2).
   Dex:       It affects your dexterity (+6).
   rF:        It protects you from fire.
   Will:      It increases your willpower.
 F - a ring of fire
   (You found it on level 4 of the Dungeon)
 N - the ring of Raschats {rN+++ rCorr MP+9 Dex-3 SInv}
   (You bought it in a shop on level 4 of the Depths)

   [ring of magical power]

   Dex:       It affects your dexterity (-3).
   rN:        It renders you almost immune to negative energy.
   MP:        It affects your magic capacity (+9).
   SInv:      It lets you see invisible.
   rCorr:     It protects you from acid and corrosion.
 P - the amulet "Giubub" {rElec Regen+ Int+3 SInv}
   (You found it on level 5 of the Pits of Slime)

   [amulet of regeneration]

   Int:       It affects your intelligence (+3).
   rElec:     It insulates you from electricity.
   SInv:      It lets you see invisible.
   Regen:     It increases your rate of health regeneration.
Wands
 B - a wand of digging (18)
   (You took it off a gnoll on level 4 of the Dungeon)
Scrolls
 f - 9 scrolls of fog
 g - 9 scrolls of enchant armour
 h - 12 scrolls of immolation {!r!r}
 i - 28 scrolls of teleportation {@r4}
 o - 8 scrolls of fear
 r - 13 scrolls of amnesia
 v - a scroll of enchant weapon
 I - 3 scrolls of butterflies
 J - 9 scrolls of vulnerability {!r!r}
 L - 4 scrolls of brand weapon
 M - 6 scrolls of revelation
 Q - 6 scrolls of silence {!r!r}
 R - 7 scrolls of blinking {!r}
 S - 30 scrolls of identify {@r1}
 X - 8 scrolls of poison {!r}
Potions
 a - 4 potions of attraction {!q}
 b - 5 potions of magic
 d - 16 potions of mutation {!q}
 k - 7 potions of heal wounds {@q2}
 l - 4 potions of invisibility
 m - 5 potions of ambrosia
 n - 13 potions of haste {@q3}
 p - 14 potions of enlightenment
 q - 13 potions of brilliance
 s - 39 potions of curing {@q1}
 u - 6 potions of lignification {!q}
 w - 8 potions of berserk rage {!q}
 x - 19 potions of might
 H - 9 potions of cancellation
 U - 8 potions of resistance
Miscellaneous
 A - a lightning rod (4/4)
   (You found it on level 4 of the Shoals)
 G - a phial of floods
   (You found it in the Desolation of Salt)
 K - a box of beasts
   (You found it on level 4 of the Shoals)
 T - a phantom mirror
   (You found it on level 2 of the Vaults)
 V - a condenser vane
   (You found it on level 4 of the Vaults)

Dungeon Overview and Level Annotations

Branches:
Dungeon (15/15)            Temple (1/1) D:4            Lair (5/5) D:10
 Shoals (4/4) Lair:2        Snake (4/4) Lair:2        Slime (5/5) Lair:5
    Orc (2/2) D:9             Elf (3/3) Orc:2        Vaults (5/5) D:13
  Crypt (3/3) Vaults:3       Tomb (0/3) Crypt:3      Depths (4/4) D:15
    Zot (5/5) Depths:4      Sewer (visited)         Ossuary (visited)
  IceCv (visited)         Desolation (visited)

Altars:
Ashenzari
Cheibriados
Dithmenos
Elyvilon
Fedhas
Gozag
Hepliaklqana
Kikubaaqudgha
Makhleb
Nemelex Xobeh
Okawaru
Qazlal
Ru
Sif Muna
Trog
Uskayaw
Vehumet
Wu Jian
Xom
Yredelemnul
Zin
The Shining One
Jiyva

Shops:
D:5 **   D:6 !   D:8 **=   D:10 (?(:   D:13 ?   D:15 =[=!*   Orc:1 !(
Orc:2 **!!   Elf:1 =:=   Elf:3 *   Shoals:1 *   Shoals:2 (:*(:   Snake:2 =
Snake:3 *   Vaults:1 ((   Vaults:2 ?   Zot:5 *   Depths:4 =*!=

Portals:
Hell: Depths:1 Depths:2 Depths:3 Depths:4
Abyss: Depths:2 Depths:3
Pandemonium: Depths:1 Depths:2 Depths:3 Depths:4
Ziggurat: Depths:2

#####..#
#........>.#...........
[......#
#.........###.##.#####.
.......# ##.......##
##...# #. #####..#
##.###### ##.#..# ##. #
##.#### ###~##~###.##..#
#.. # #....#
##~P~~♣~#####..####.# #
####.###~P8P♣8♣~#
#.......# #
#.^.##~P..♣.######....#.#
#
#.#...~~@......######.#.#
####
#.####~P..P.##..#####.#.#
...######.#
#~P8PP8P~#........#.#
##........#
##~P~~P~##..####..#)#
########### ##~##~##...#
#..#)# #
######.)#.####..#.# #
#.....#.##....#.. #
###.#.#.......... #
#######....#..#####.#


There were no monsters in sight!


Message History

You kill the Orb Guardian!
Unknown command.
No target in view!
There is a stone staircase leading up here.
Casting: Dragon Form (mildly dangerous; 2% risk of failure)
Confirm with . or Enter, or press ? or * to list all spells.
Okay, then.
You fly upwards.
There is a stone staircase leading down here.
There is an open door here.
Aiming: Dig
Press: ? - help, Q - select action, (/) - cycle Shift-Dir - straight line You can't see that place. [the floor.]
The rock shatters into small pieces.
A shadow demon comes into view.
You maul the shadow demon!!!!
You kill the shadow demon!
No target in view!
There is a stone staircase leading up here.
You fly upwards.
There is a stone staircase leading down here.
There is a stone staircase leading up here.
You fly upwards.
There is a stone staircase leading down here.
There is a stone staircase leading up here.
You fly upwards.
Your transformation is almost over.
There is a stone staircase leading down here.
A demonic crawler comes into view.
The demonic crawler gives a hideous shriek!
There is a stone staircase leading up here.
You maul the demonic crawler!!!
The demonic crawler completely misses you. x2
The demonic crawler hits you but does no damage.
You maul the demonic crawler!!!
You kill the demonic crawler!
Your transformation has ended.
The +1 cloak of Xorchonwo {Drain rCorr Str+3 Slay+5} unmelds from your body.
Your +0 hat unmelds from your body.
Your +0 pair of gloves unmelds from your body.
Your +2 pair of boots unmelds from your body.
You climb upwards.
There is a stone staircase leading down here.
There is an escape hatch in the ceiling here.
A mysterious force pulls you upwards. The hatch slams shut behind you.
There is a stone staircase leading up here.
You climb upwards.
There is a stone staircase leading down here.
An orange demon comes into view.
Casting: Dragon Form (mildly dangerous; 2% risk of failure)
Confirm with . or Enter, or press ? or * to list all spells.
You turn into a fearsome steam dragon!
The +1 cloak of Xorchonwo {Drain rCorr Str+3 Slay+5} melds into your body.
Your +0 hat melds into your body.
Your +0 pair of gloves melds into your body.
Your +2 pair of boots melds into your body.
Unknown command.
The orange demon misses you.
The orange demon hits you but does no damage.
You maul the orange demon!!!!
You kill the orange demon!
Unknown command.
No target in view!
Unknown command.
There is a stone staircase leading up here.
You fly upwards.
There is a stone staircase leading down here.
A cacodemon and 2 sixfirhies come into view.
There is a stone staircase leading up here.
The sixfirhy closely misses you.
You fly upwards.
There is a stone staircase leading down here.
There is a stone staircase leading up here.
You fly upwards.
There is a stone staircase leading down here.
There is a stone staircase leading up here.
You fly upwards.
There is a stone staircase leading down here.
Your transformation is almost over.
There is a stone staircase leading up here.
No target in view!
Unknown command.
You fly upwards.
Your transformation has ended.
The +1 cloak of Xorchonwo {Drain rCorr Str+3 Slay+5} unmelds from your body.
Your +0 hat unmelds from your body.
Your +0 pair of gloves unmelds from your body.
Your +2 pair of boots unmelds from your body.
There is a stone staircase leading down here.
Unknown command.
There is a stone staircase leading up here.
You climb upwards.
There is a stone staircase leading down here.
There is a stone staircase leading up here.
You climb upwards.
There is a stone staircase leading down here.
You see here a +0 club.
There is a staircase leading out of the dungeon here.
You have escaped!

Action                     |  1- 3 |  4- 6 |  7- 9 | 10-12 | 13-15 | 16-18 | 19-21 | 22-24 | 25-27 || total
---------------------------+-------+-------+-------+-------+-------+-------+-------+-------+-------++-------
  Melee: Unarmed           |   160 |   248 |   279 |   496 |  1285 |   923 |   892 |  1247 |  1075 ||  6605
         Tailslap          |    23 |    24 |    47 |    86 |   262 |   163 |   111 |   165 |   109 ||   990
         Club              |     4 |       |       |       |       |       |       |       |       ||     4
         Punch             |     1 |     3 |    17 |    48 |   158 |   126 |    66 |   144 |   114 ||   677
         Bite              |       |       |       |       |       |    33 |    83 |   107 |    68 ||   291
   Cast: Statue Form       |       |       |       |       |     4 |    78 |       |       |     1 ||    83
         Dragon Form       |       |       |       |       |       |    16 |   102 |    95 |   102 ||   315
         Manifold Assault  |       |       |       |       |       |       |   302 |   380 |   335 ||  1017
         Wereblood         |       |       |       |       |       |       |       |       |     2 ||     2
         Dispersal         |       |       |       |       |       |       |       |       |     1 ||     1
 Invoke: Call Merchant     |       |       |       |       |     5 |       |       |     3 |     1 ||     9
         Potion Petition   |       |       |       |       |       |       |       |       |     1 ||     1
         Bribe Branch      |       |       |       |       |       |       |       |       |     2 ||     2
Ability: Breathe Steam     |       |       |    36 |    64 |   111 |     6 |     8 |     4 |     4 ||   233
  Evoke: Wand              |     4 |    14 |     9 |     5 |    41 |    15 |       |     1 |     3 ||    92
         Lightning rod     |       |       |       |       |       |     4 |     2 |       |       ||     6
         Condenser vane    |       |       |       |       |       |       |       |     1 |       ||     1
    Use: Scroll            |       |       |       |    18 |     7 |     7 |    11 |     3 |     8 ||    54
         Potion            |       |       |       |       |    14 |     1 |     2 |     7 |     9 ||    33
   Stab: Sleeping          |     3 |     5 |     3 |     4 |     6 |     6 |     5 |     3 |     1 ||    36
         Distracted        |       |       |     2 |     3 |    10 |     7 |    10 |    16 |    12 ||    60
         Petrified         |       |       |       |       |       |     2 |       |       |       ||     2
         Invisible         |       |       |       |       |       |       |       |     2 |       ||     2
 Armour: Skin              |    31 |    54 |    56 |    69 |   191 |   341 |   162 |   284 |   172 ||  1360
  Dodge: Dodged            |   100 |   207 |   267 |   444 |  1742 |  1614 |   420 |   547 |   538 ||  5879

Levels and vault maps discovered:
D:1:      ldierk_walled_garden_2, layout_loops_ring, minivault_4,
          minmay_split_cup_small
D:2:      minmay_inner_zag, layout_basic, basic_altar, hangedman_decor_lopped,
          uniq_sigmund
D:3:      layout_basic, cheibriados_altar_1, cheibrodos_sewer_entry_sluice,
          minmay_misc_feat_iff, uniq_natasha, uniq_robin
D:4:      layout_rooms, nicolae_overflow_crystal_walls,
          minmay_temple_entry_statues_pillars, nicolae_ossuary_entry_giza,
          minmay_misc_feat_more_columns, uniq_menkaure
D:5:      layout_cave_pools, grunt_temple_overflow_order_and_chaos_1,
          nicolae_specific_store, chequers_hall_statues_wall_a
D:6:      layout_cave_pools, mainiacjoe_overflow_brackets, serial_shops, shop,
          hex_tiny
D:7:      layout_cave_pools
D:8:      layout_gridville, mainiacjoe_overflow_24_doors, enter_bailey_3,
          serial_shops, nicolae_shop_waterfront, kennysheep_mini,
          nicolae_shop_real_fake_doors, kennysheep_big_empty_room, uniq_pikel
D:9:      layout_basic, orc_0_dummy, hangedman_decor_points
D:10:     layout_basic, nicolae_ashenzari_panopticon,
          due_lair_maze_entry_diamond, serial_shops, nicolae_shop_rolled_up,
          nicolae_shop_just_a_little_nook, nicolae_shop_bloodbath_and_beyond,
          nicolae_shop_gibbet_a_chance, grunt_ministairs_1,
          minmay_fire_ice_demons
D:11:     minmay_s_stair_smasher, layout_small_grid, item_on_display_a,
          uniq_grum, uniq_josephine
D:12:     layout_irregular_city, minivault_10, nicolae_benzene_ring,
          kennysheep_generic_room_7, uniq_maurice, uniq_lodul
D:13:     gammafunk_sealed_arena, layout_cave_pools, david_vaults_1,
          serial_shops, shop, uniq_frances, uniq_kirke
D:14:     layout_grid_maze, portal_ice_cave_entry_horrid_things,
          nicolae_uskayaw_en_pointe
D:15:     grunt_enter_depths_giant_problem, layout_gridville,
          nemelex_lonely_heart_becter
Temple:   nicolae_temple_superstar
Lair:1:   layout_gridlike, lemuel_oklob_altar
Lair:2:   layout_regular_city, minmay_shoals_entry_beasts,
          nicolae_snake_entry_squirm, enter_volcano_4, infiniplex_staircase_pool
Lair:3:   layout_regular_city, infiniplex_staircase_pool_2
Lair:4:   layout_cave_pods
Lair:5:   hangedman_lair_caniforms_friends, layout_regular_city, wormcave,
          slime_entry_1, uniq_rupert
Shoals:1: layout_shoals, nicolae_shop_overcharged_wands, uniq_louise
Shoals:2: layout_shoals, serial_shops, nicolae_shop_peninsula,
          nicolae_square_shop, nicolae_take_the_stairs,
          nicolae_shop_advertising_works [nicolae_subvault_shop_adworks],
          minmay_shop_mayhem, uniq_polyphemus
Shoals:3: layout_shoals
Shoals:4: shoals_end_grunt_ice, layout_shoals
Snake:1:  layout_grid_maze
Snake:2:  layout_misc_corridors, serial_shops, nicolae_shop_tiny_waterfront,
          nicolae_snake_linked_coils, grunt_ministairs_1,
          nicolae_large_snake_swirl
Snake:3:  layout_grid_shapes, minmay_shop_star
Snake:4:  grunt_snake_rune_serpentine_throne, layout_cave_town,
          serial_bayou_shore_b, uniq_mara
Slime:1:  layout_caves
Slime:2:  layout_caves
Slime:3:  layout_caves
Slime:4:  layout_caves, cheibrodos_slime_lost_civilization_7
Slime:5
Orc:1:    layout_caves, serial_shops, nicolae_shop_behind_doors,
          nicolae_diamond_shop, mines2_david
Orc:2:    st_orc_rangers, layout_caves
Elf:1:    eino_elf_arrival_the_gate, layout_loops_ring, evilmike_minifort,
          nicolae_elf_deep_mausoleum, minmay_shop_grove, uniq_donald
Elf:2:    elven_hall_of_blades_hangedman_original
          [nicolae_blade_entry_splitting_headache], layout_geoelf_octagon
Elf:3:    minmay_elf_hall_statues, layout_gridlike, serial_shops, shop,
          grunt_ministairs_4, uniq_roxanne
Vaults:1: portal_desolation_entry_nicolae_nacl, serial_ice_h,
          dpeg_vaults_hating_casters, v_alt_pattern_5,
          nicolae_vaults_surprise_closet, grunt_vaults_hallway_short,
          v_alt_pattern_2, nicolae_vaults_taking_the_gang_shopping,
          nicolae_vaults_closet_pinwheel_6, nicolae_vaults_wrenched,
          layout_vaults_maze_bifur, serial_shops,
          nicolae_shop_tiny_real_fake_doors, uniq_asterion
Vaults:2: ontoclasm_vaults_claustrophobia, serial_ice_m, hangedman_vaults_nails,
          nicolae_vaults_specimen_jars, vaults_room_corners,
          nicolae_vaults_theta, nicolae_vaults_more_shelving_2,
          nicolae_vaults_tetromino_Z_2, nicolae_vaults_network_s, v_misc_12,
          nicolae_vaults_angled_halls, nicolae_vaults_little_squares_6,
          nicolae_vaults_diamond_1, nicolae_vaults_more_shelving_1,
          layout_vaults_big_cross, serial_shops, nicolae_shop_crystal,
          enter_trove_5, uniq_bai_suzhen
Vaults:3: minmay_crypt_entry_simple_walls, v_pattern_5,
          nicolae_vaults_network_periphery, v_misc_11,
          hangedman_vaults_corner_blocks, nicolae_vaults_storage_closets_1,
          nicolae_vaults_weapon_check, nicolae_vaults_closet_pinwheel_2,
          nicolae_vaults_antechamber_and_loot_room, layout_vaults_omnigrid,
          uniq_margery
Vaults:4: grunt_vaults_twisty, hangedman_vaults_nails, ontoclasm_vaults_fault,
          nicolae_vaults_surprise_closet, v_misc_4, grunt_vaults_diagonal,
          nicolae_vaults_rhombus_5, dpeg_vaults_monster_box,
          nicolae_vaults_apartment_2, layout_vaults_chaotic_city
Vaults:5: serial_shops
Crypt:1:  layout_basic, st_stairs_4, grunt_crypt_arrival_guarded_gate,
          uniq_aizul, uniq_saint_roka, uniq_josephina, uniq_khufu
Crypt:2:  layout_chaotic_city, gammafunk_ghost_spectres
Crypt:3:  church_of_pain_bobbens, layout_chaotic_city, grunt_ministairs_9,
          nicolae_crypt_little_mausoleum
Depths:1: layout_gridlike, rand_demon_pan_entry_1, hell_entry,
          nicolae_elyvilon_peaceful_grove, minmay_hedge_maze,
          chequers_serial_rivers_room_a, bloody_trog
Depths:2: hourglass_vault, layout_basic, enter_ziggurat_b, pan_entry,
          hellmouth_2, abyss_entry, nrook_pool_corridor, lightli_corner_chamber,
          uniq_sojobo
Depths:3: due_jory_tower, layout_gridlike, minmay_misc_feat_square,
          gammafunk_ghost_arena, abyss_entry, rand_demon_pan_entry_8,
          hell_entry, serial_bayou_lagoon_a, hangedman_decor_diamond_cutter
Depths:4: grunt_zot_entry_funnels, layout_long_grid, hellmouth_3,
          ebering_ghost_xom, grunt_pan_entry_spiral, minmay_misc_feat_diagonals,
          uniq_vv
Zot:1:    minmay_elemental_castle, layout_misc_corridors
Zot:2:    grunt_twist_and_shout, layout_onion_interference
Zot:3:    layout_onion_interference
Zot:4:    kennysheep_spiral_hall, layout_onion, nicolae_diode_intersection
Zot:5:    layout_onion, gammafunk_ghost_ooze, nicolae_transmutations_shop

Notes
Turn   | Place    | Note
-------+----------+-------------------------------------------
     0 | D:1      | initializr the Draconian Artificer began the quest for the
                  | Orb.
     0 | D:1      | Reached XP level 1. HP: 16/16 MP: 1/1
    41 | D:1      | Reached skill level 1 in Stealth
    54 | D:1      | You pick up a book of Dreams and begin reading...
    54 | D:1      | You add the spells Ensorcelled Hibernation, Spider Form and
                  | Anguish to your library.
   105 | D:1      | Reached XP level 2. HP: 17/23 MP: 2/2
   112 | D:1      | Reached skill level 1 in Unarmed Combat
   130 | D:1      | HP: 5/23 [hobgoblin/+0 hand axe (6)]
  1067 | D:2      | Reached XP level 3. HP: 28/29 MP: 3/3
  1417 | D:2      | Found a bloodstained altar of Trog.
  1435 | D:2      | Noticed Sigmund
  1440 | D:2      | Killed Sigmund
  1441 | D:2      | Reached skill level 2 in Fighting
  1441 | D:2      | Reached skill level 3 in Dodging
  1441 | D:2      | Reached skill level 2 in Stealth
  1441 | D:2      | Reached skill level 3 in Unarmed Combat
  1441 | D:2      | Reached XP level 4. HP: 26/37 MP: 4/4
  1441 | D:2      | Reached XP level 5. HP: 30/42 MP: 5/5
  1726 | D:3      | Noticed Natasha
  1731 | D:3      | Killed Natasha
  1785 | D:3      | Found a snail-covered altar of Cheibriados.
  1853 | D:3      | Found a glowing drain.
  1883 | Sewer    | Entered a sewer
  1951 | Sewer    | Reached skill level 3 in Fighting
  2019 | Sewer    | Reached XP level 6. HP: 51/51 MP: 6/6
  2543 | D:3      | Noticed Natasha
  2558 | D:3      | Killed Natasha
  2581 | D:3      | Noticed Natasha
  2590 | D:3      | Killed Natasha
  2591 | D:3      | Reached skill level 4 in Unarmed Combat
  2805 | D:3      | Noticed Robin
  2845 | D:3      | Killed Robin
  2846 | D:3      | Reached skill level 3 in Stealth
  3015 | D:4      | Noticed Menkaure
  3020 | D:4      | Killed Menkaure
  3021 | D:4      | Your scales start taking on a pale cyan-grey colour.
  3021 | D:4      | Reached XP level 7. HP: 33/58 MP: 7/7
  3021 | D:4      | Gained mutation: You are immune to the effects of steam.
                  | [Pale Draconian growth]
  3177 | D:4      | Identified the +9 chain mail "Buufy" {Rampage +Blink rC-
                  | rN++}
  3218 | D:4      | Found a sand-covered staircase.
  3227 | Ossuary  | Entered an ossuary
  3290 | Ossuary  | HP: 11/58 [mummy (6)]
  3688 | D:4      | Identified the +1 cloak of Xorchonwo {Drain rCorr Str+3
                  | Slay+5}
  3705 | D:4      | Found a bloodstained altar of Trog.
  3793 | D:4      | Reached skill level 4 in Fighting
  3793 | D:4      | Reached skill level 4 in Dodging
  3880 | D:4      | Reached skill level 5 in Unarmed Combat
  3919 | D:4      | Found a staircase to the Ecumenical Temple.
  4062 | Temple   | Entered the Ecumenical Temple
  4185 | Temple   | Became a worshipper of Gozag Ym Sagoz the Greedy
  4217 | D:5      | Entered Level 5 of the Dungeon
  4460 | D:5      | Reached skill level 4 in Stealth
  4460 | D:5      | Reached XP level 8. HP: 67/67 MP: 8/8
  4572 | D:5      | Noticed an angel
  4573 | D:5      | Found a shimmering altar of Xom.
  4573 | D:5      | Found a glowing silver altar of Zin.
  4626 | D:5      | Reached skill level 6 in Unarmed Combat
  4796 | D:5      | Found Wanoeptaogg's Specific Store.
  4798 | D:5      | Found Buisic's General Store.
  4802 | D:5      | Bought a potion of curing for 39 gold pieces
  4802 | D:5      | Bought a potion of invisibility for 104 gold pieces
  4934 | D:6      | Found Ixzoigonn's Distillery.
  4944 | D:6      | Bought a potion of cancellation for 88 gold pieces
  4944 | D:6      | Bought a potion of heal wounds for 55 gold pieces
  4944 | D:6      | Bought a potion of heal wounds for 55 gold pieces
  4944 | D:6      | Bought a potion of might for 44 gold pieces
  4944 | D:6      | Bought a potion of haste for 110 gold pieces
  4999 | D:6      | Found a hide-covered altar of Uskayaw.
  5027 | D:6      | Reached skill level 5 in Fighting
  5495 | D:7      | Reached skill level 5 in Dodging
  5500 | D:7      | Reached skill level 7 in Unarmed Combat
  5508 | D:7      | Reached skill level 5 in Stealth
  5793 | D:7      | Reached XP level 9. HP: 68/75 MP: 9/9
  6287 | D:8      | Found Warruzer's Jewellery Boutique.
  6308 | D:8      | Noticed Pikel
  6318 | D:8      | Reached skill level 6 in Fighting
  6321 | D:8      | Killed Pikel
  6322 | D:8      | Reached skill level 8 in Unarmed Combat
  6406 | D:8      | Found a white marble altar of Elyvilon.
  6777 | D:8      | Reached skill level 6 in Dodging
  6805 | D:8      | Reached skill level 7 in Fighting
  6805 | D:8      | Reached skill level 9 in Unarmed Combat
  7051 | D:8      | Found Voafovum's General Store.
  7054 | D:8      | Bought a scroll of amnesia for 52 gold pieces
  7087 | D:8      | Found Teankucw's General Store.
  7090 | D:8      | Bought a potion of heal wounds for 65 gold pieces
  7255 | D:9      | Found a staircase to the Orcish Mines.
  7313 | D:9      | Reached XP level 10. HP: 86/86 MP: 10/10
  7614 | D:9      | Reached skill level 10 in Unarmed Combat
  7851 | D:9      | You pick up a book of Blasting and begin reading...
  7851 | D:9      | You add the spells Volatile Blastmotes, Fulminant Prism,
                  | Iskenderun's Mystic Blast and Lee's Rapid Deconstruction to
                  | your library.
  7944 | D:10     | Entered Level 10 of the Dungeon
  7954 | D:10     | Reached skill level 1 in Transmutations
  8016 | D:10     | Reached skill level 1 in Spellcasting
  8158 | D:10     | Reached skill level 8 in Fighting
  8203 | D:10     | Reached skill level 7 in Dodging
  8258 | D:10     | Noticed a gargoyle
  8270 | D:10     | Reached skill level 2 in Transmutations
  8272 | D:10     | Killed a gargoyle
  8273 | D:10     | Reached skill level 2 in Spellcasting
  8323 | D:10     | Found a staircase to the Lair.
  8333 | D:10     | Noticed a cyclops
  8355 | D:10     | Killed a cyclops
  8461 | D:10     | Found Huheoq's Book Shoppe.
  8477 | D:10     | Bought a manual of Dodging for 960 gold pieces
  8540 | D:10     | You pick up a book of Power and begin reading...
  8540 | D:10     | You add the spells Iskenderun's Battlesphere, Leda's
                  | Unmaking and Spellforged Servitor to your library.
  8635 | D:10     | Reached skill level 3 in Transmutations
  8643 | D:10     | Reached skill level 11 in Unarmed Combat
  8643 | D:10     | Reached XP level 11. HP: 76/95 MP: 15/15
  8713 | D:10     | Found Maazxesa's Antique Weapon Shoppe.
  8786 | D:10     | Found a broken altar of Ashenzari.
  8955 | D:10     | Reached skill level 3 in Spellcasting
  9019 | D:10     | Found Umismis's Weapon Shop.
  9164 | D:10     | Found Fefig's Magic Scroll Shoppe.
  9167 | D:10     | Bought a scroll of fog for 52 gold pieces
  9167 | D:10     | Bought a scroll of teleportation for 39 gold pieces
  9167 | D:10     | Bought a scroll of identify for 26 gold pieces
  9167 | D:10     | Bought a scroll of identify for 26 gold pieces
  9167 | D:10     | Bought a scroll of identify for 26 gold pieces
  9429 | D:10     | Identified a scroll of acquirement
  9433 | D:10     | Acquired a manual of Spellcasting
  9712 | D:11     | Noticed a two-headed ogre
  9723 | D:11     | Killed a two-headed ogre
  9724 | D:11     | Reached skill level 9 in Fighting
  9724 | D:11     | Reached skill level 8 in Dodging
  9850 | D:11     | Noticed Grum
  9865 | D:11     | Killed Grum
  9866 | D:11     | Reached skill level 4 in Spellcasting
  9883 | D:11     | Noticed a purple ugly thing
  9968 | D:11     | Killed a purple ugly thing
  9969 | D:11     | Reached skill level 4 in Transmutations
 10320 | D:11     | Noticed Josephine
 10332 | D:11     | Killed Josephine
 10333 | D:11     | Reached skill level 5 in Spellcasting
 10338 | D:11     | Reached skill level 12 in Unarmed Combat
 10449 | D:11     | Reached skill level 9 in Dodging
 10845 | D:12     | Noticed a centaur warrior
 10988 | Lair:1   | Entered Level 1 of the Lair of Beasts
 11111 | Lair:1   | Reached skill level 5 in Transmutations
 11134 | Lair:1   | Noticed a boulder beetle
 11157 | Lair:1   | Killed a boulder beetle
 11158 | Lair:1   | Reached XP level 12. HP: 77/106 MP: 20/20
 11313 | Lair:1   | Reached skill level 6 in Spellcasting
 11924 | Lair:1   | Found a shimmering altar of Xom.
 11969 | Lair:1   | Reached skill level 10 in Fighting
 12266 | Lair:2   | Found a staircase to the Shoals.
 12604 | Lair:2   | You pick up a book of Burglary and begin reading...
 12604 | Lair:2   | You add the spells Passwall and Swiftness to your library.
 12678 | Lair:2   | Reached skill level 10 in Dodging
 12684 | Lair:2   | Reached skill level 13 in Unarmed Combat
 12693 | Lair:2   | Reached skill level 7 in Spellcasting
 12775 | Lair:2   | Found a dark tunnel.
 13004 | Lair:2   | Reached skill level 6 in Transmutations
 13014 | Lair:2   | HP: 21/107 [elephant (12)]
 13410 | Lair:2   | Found a staircase to the Snake Pit.
 14028 | Lair:3   | Reached skill level 8 in Spellcasting
 14083 | Lair:3   | Reached XP level 13. HP: 115/115 MP: 25/25
 14717 | Lair:3   | Reached skill level 7 in Transmutations
 14750 | Lair:3   | Reached skill level 11 in Dodging
 14864 | Lair:4   | Reached skill level 11 in Fighting
 15033 | Lair:4   | You pick up a book of Alchemy and begin reading...
 15033 | Lair:4   | You add the spells Sublimation of Blood, Petrify and
                  | Irradiate to your library.
 15754 | Lair:5   | Entered Level 5 of the Lair of Beasts
 15766 | Lair:4   | Reached skill level 14 in Unarmed Combat
 15859 | Lair:5   | You add the spells Flame Wave, Cause Fear, Fireball and
                  | Summon Mana Viper to your library.
 15859 | Lair:5   | Got the Quarto of Combat Magic and Misfortune
 15900 | Lair:5   | You pick up a book of Winter and begin reading...
 15900 | Lair:5   | You add the spells Ozocubu's Armour and Metabolic
                  | Englaciation to your library.
 16327 | Lair:5   | Found a viscous altar of Jiyva.
 16329 | Lair:5   | Found a staircase to the Slime Pits.
 16448 | Lair:4   | Reached skill level 8 in Transmutations
 16518 | Lair:5   | Reached skill level 9 in Spellcasting
 16788 | Lair:5   | Noticed Rupert
 16860 | Lair:5   | Killed Rupert
 16950 | Lair:5   | Found a runed translucent door.
 16952 | Lair:5   | Noticed a fire dragon
 16994 | Lair:5   | Paralysed by a hornet for 1 turns
 17234 | Lair:5   | Reached skill level 12 in Dodging
 17625 | Lair:5   | Reached skill level 9 in Transmutations
 17782 | Lair:5   | Reached XP level 14. HP: 124/125 MP: 27/27
 18050 | Lair:5   | You pick up a book of the Warp and begin reading...
 18050 | Lair:5   | You add the spells Manifold Assault, Dispersal and
                  | Disjunction to your library.
 18448 | Lair:5   | Reached skill level 10 in Spellcasting
 18894 | Orc:1    | Entered Level 1 of the Orcish Mines
 18909 | Orc:1    | Reached skill level 15 in Unarmed Combat
 19019 | Orc:1    | Found Xeanneq's Antique Weapon Shoppe.
 19113 | Orc:1    | Reached skill level 12 in Fighting
 19724 | Orc:1    | Found Hoasem's Distillery.
 19729 | Orc:1    | Bought a potion of heal wounds for 70 gold pieces
 19729 | Orc:1    | Bought 2 potions of heal wounds for 140 gold pieces
 19729 | Orc:1    | Bought a potion of heal wounds for 70 gold pieces
 19729 | Orc:1    | Bought a potion of haste for 140 gold pieces
 19744 | Orc:2    | Entered Level 2 of the Orcish Mines
 19744 | Orc:2    | Found a staircase to the Elven Halls.
 20567 | Orc:2    | Found Akhlu's General Store.
 20567 | Orc:2    | Found Gohawn's Distillery.
 20569 | Orc:2    | Found Gugarer's Distillery.
 20571 | Orc:2    | Found Fiemojei's Assorted Antiques.
 20576 | Orc:2    | Bought a potion of heal wounds for 60 gold pieces
 20576 | Orc:2    | Bought a potion of heal wounds for 60 gold pieces
 20576 | Orc:2    | Bought 2 potions of curing for 72 gold pieces
 20576 | Orc:2    | Bought 2 potions of berserk rage for 120 gold pieces
 20578 | Orc:2    | Bought a potion of haste for 170 gold pieces
 20578 | Orc:2    | Bought a potion of curing for 51 gold pieces
 20578 | Orc:2    | Bought 2 potions of might for 136 gold pieces
 20578 | Orc:2    | Bought a potion of haste for 170 gold pieces
 20583 | Orc:2    | Bought a knobbly granite ring for 125 gold pieces
 20774 | D:12     | Reached skill level 10 in Transmutations
 20975 | D:12     | Noticed Maurice
 20983 | D:12     | Killed Maurice
 21039 | D:12     | Noticed Lodul
 21049 | D:12     | Killed Lodul
 21405 | D:12     | Identified the +11 mace "Acsaish" {heavy, rF+}
 21458 | D:12     | Reached skill level 13 in Dodging
 22257 | D:13     | Reached skill level 11 in Spellcasting
 22395 | D:13     | Noticed Kirke
 22413 | D:13     | Killed Kirke
 22480 | D:13     | Found Tukifaept's Magic Scroll Boutique.
 22686 | D:13     | Reached XP level 15. HP: 66/134 MP: 30/30
 22855 | D:13     | Found a gate to the Vaults.
 22875 | D:13     | Noticed Frances
 22962 | D:13     | Reached skill level 11 in Transmutations
 22975 | D:12     | Killed Frances
 23065 | D:13     | Found a transporter.
 23072 | D:13     | Noticed a frost giant
 23072 | D:13     | Noticed a frost giant
 23080 | D:13     | Found a transporter.
 23178 | D:13     | Reached skill level 16 in Unarmed Combat
 23605 | D:14     | Found a frozen archway.
 23618 | IceCv    | Entered an ice cave
 23947 | IceCv    | HP: 22/134 [minotaur simulacrum (18)]
 24177 | IceCv    | Learned a level 4 spell: Manifold Assault
 24216 | IceCv    | HP: 17/134 [golden dragon simulacrum (23)]
 24217 | IceCv    | HP: 2/134 [golden dragon simulacrum (13)]
 25044 | D:14     | Reached skill level 13 in Fighting
 25072 | D:14     | Found a hide-covered altar of Uskayaw.
 25358 | D:15     | Entered Level 15 of the Dungeon
 26106 | D:15     | Reached skill level 12 in Spellcasting
 26112 | D:15     | Reached skill level 14 in Dodging
 26346 | D:15     | Found a staircase to the Depths.
 26594 | D:15     | Found a sparkling altar of Nemelex Xobeh.
 26856 | D:10     | Bought a book of the Earth for 600 gold pieces
 26856 | D:10     | You pick up a book of the Earth and begin reading...
 26856 | D:10     | You add the spells Leda's Liquefaction and Statue Form to
                  | your library.
 26863 | D:10     | Learned a level 6 spell: Statue Form
 26952 | Snake:1  | Entered Level 1 of the Snake Pit
 27227 | Snake:1  | Reached skill level 12 in Transmutations
 27227 | Snake:1  | Reached skill level 1 in Earth Magic
 27698 | Snake:1  | Reached skill level 2 in Earth Magic
 28183 | Snake:1  | Reached skill level 3 in Earth Magic
 28200 | Snake:1  | HP: 33/136 [shock serpent (8)]
 28200 | Snake:1  | HP: 11/136 [shock serpent/electric aura (9)]
 28202 | Snake:1  | HP: 3/136 [shock serpent (13)]
 28206 | Snake:1  | Reached skill level 4 in Earth Magic
 28207 | Snake:1  | HP: 27/136 [naga ritualist/Olgreb's Toxic Radiance (2)]
 28212 | Snake:1  | HP: 34/136 [poisoned by a naga ritualist (toxic radiance)]
 28217 | Snake:1  | HP: 24/136 [poisoned by a naga ritualist (toxic radiance)]
 28222 | Snake:1  | HP: 20/136 [poisoned by a naga ritualist (toxic radiance)]
 28723 | Snake:2  | Reached skill level 5 in Earth Magic
 29066 | Snake:2  | Reached skill level 6 in Earth Magic
 29068 | Snake:2  | Reached XP level 16. HP: 144/144 MP: 28/32
 29184 | Snake:2  | Found Nij Qamn's Jewellery Emporium.
 29192 | Snake:2  | Bought the amulet "Ytulyty" {Regen+ Int+3} for 562 gold
                  | pieces
 29419 | Snake:2  | Reached skill level 7 in Earth Magic
 30201 | Snake:3  | Found Hepan's Assorted Antiques.
 31144 | Shoals:1 | Entered Level 1 of the Shoals
 31250 | Shoals:1 | Reached skill level 17 in Unarmed Combat
 31459 | Shoals:1 | Noticed Louise
 31472 | Shoals:1 | Reached skill level 13 in Transmutations
 31610 | Shoals:1 | Killed Louise
 31611 | Shoals:1 | Reached skill level 13 in Spellcasting
 31947 | Shoals:1 | Found Ysoimom's Overcharged Wands.
 32107 | Shoals:2 | Found Fiuteom's Book Shop.
 32122 | Shoals:2 | Bought a manual of Fighting for 1200 gold pieces
 32239 | Shoals:2 | Found Dexkih's Weapon Boutique.
 32298 | Shoals:2 | Found Jafipew's Mayhem Merchandise.
 32339 | Shoals:2 | Found Vemim's Weapon Shoppe.
 32340 | Shoals:2 | Noticed Polyphemus
 32350 | Shoals:2 | Killed Polyphemus
 32363 | Shoals:2 | Reached skill level 14 in Fighting
 32510 | Shoals:2 | Found Roiss's Book Emporium.
 32536 | Shoals:2 | Bought a book of Transfigurations for 600 gold pieces
 32536 | Shoals:2 | You pick up a book of Transfigurations and begin reading...
 32536 | Shoals:2 | You add the spells Blade Hands and Dragon Form to your
                  | library.
 32544 | Shoals:2 | Learned a level 7 spell: Dragon Form
 33188 | Shoals:3 | Identified the +5 morningstar of Desperation {freeze, rC-
                  | rCorr Dex+6}
 33365 | Shoals:4 | Entered Level 4 of the Shoals
 33409 | Shoals:4 | Reached XP level 17. HP: 152/152 MP: 34/34
 33509 | Shoals:3 | HP: 49/200 [merfolk/+0 trident[a merfolk javelineer] (8)]
 33942 | Snake:4  | Entered Level 4 of the Snake Pit
 34161 | Snake:4  | Reached skill level 15 in Dodging
 34204 | Snake:4  | Reached skill level 14 in Transmutations
 34990 | Snake:4  | Reached skill level 15 in Fighting
 35024 | Snake:4  | Reached skill level 18 in Unarmed Combat
 35052 | Snake:4  | Noticed Vashnia
 35071 | Snake:4  | Noticed Mara
 35085 | Snake:4  | Noticed initializr's illusion
 35087 | Snake:4  | Killed Mara
 35368 | Snake:4  | Killed Vashnia
 35627 | Snake:4  | Got a serpentine rune of Zot
 36220 | Shoals:4 | Reached skill level 15 in Transmutations
 36225 | Shoals:4 | Reached XP level 18. HP: 166/166 MP: 31/35
 36377 | Shoals:4 | Reached skill level 14 in Spellcasting
 36387 | Shoals:4 | Reached skill level 16 in Fighting
 36527 | Shoals:4 | You pick up a book of Conjurations and begin reading...
 36527 | Shoals:4 | You add the spells Magic Dart and Searing Ray to your
                  | library.
 36898 | Shoals:4 | Identified the +6 plate armour of New Discoveries {Will+
                  | Str+4}
 36932 | Shoals:4 | Got a barnacled rune of Zot
 37216 | Shoals:4 | You add the spells Poisonous Vapours, Hailstorm and
                  | Airstrike to your library.
 37216 | Shoals:4 | Got the Quarto of Turbulent Ice
 37500 | D:15     | Bought a transparent tower shield for 180 gold pieces
 37500 | D:15     | Identified the +0 tower shield of the Saviour {rF- rC+
                  | Will++} (You bought it in a shop on level 15 of the
                  | Dungeon)
 37597 | Vaults:1 | Entered Level 1 of the Vaults
 37618 | Vaults:1 | Reached skill level 1 in Translocations
 37705 | Vaults:1 | You pick up a book of Weapons and begin reading...
 37705 | Vaults:1 | You add the spells Tukima's Dance and Portal Projectile to
                  | your library.
 37840 | Vaults:1 | Reached skill level 19 in Unarmed Combat
 37996 | Vaults:1 | Noticed Asterion
 38005 | Vaults:1 | Reached skill level 2 in Translocations
 38008 | Vaults:1 | Killed Asterion
 38087 | Vaults:1 | Found a crumbling gateway.
 38117 | Vaults:1 | Reached skill level 3 in Translocations
 38383 | Desolati | Entered the Desolation of Salt
 38412 | Desolati | Reached skill level 16 in Transmutations
 38416 | Desolati | Reached skill level 4 in Translocations
 38420 | Desolati | Reached skill level 17 in Fighting
 38589 | Desolati | Identified the ring of Zacly {Int-5 Dex+6 SInv}
 38820 | Desolati | Identified the staff of Destruction {+Blink rElec rN+++
                  | Will- Air}
 38822 | Desolati | You add the spells Foxfire and Malign Gateway to your
                  | library.
 38822 | Desolati | Got Sif Muna's Book of the Dislocated Discharge
 38826 | Desolati | You add the spells Sting, Ignite Poison, Plasma Beam and
                  | Fire Storm to your library.
 38826 | Desolati | Got the Compilation of Ashes and Infection
 38872 | Desolati | Reached skill level 5 in Translocations
 38957 | Desolati | Reached XP level 19. HP: 147/177 MP: 33/37
 39154 | Desolati | You add the spells Mephitic Cloud, Frozen Ramparts,
                  | Olgreb's Toxic Radiance and Polar Vortex to your library.
 39154 | Desolati | Got the Volume of Befouled Chilblains
 39157 | Desolati | You add the spells Sticky Flame and Ignition to your
                  | library.
 39702 | Vaults:1 | Reached skill level 16 in Dodging
 39732 | Vaults:1 | Reached skill level 6 in Translocations
 39843 | Vaults:1 | Found Kauca's Weapon Shop.
 40001 | Vaults:1 | Found Piehasix's Weapon Shoppe.
 40470 | Vaults:2 | Found a portal to a secret trove of treasure.
 40504 | Vaults:2 | This trove needs a +6 demon blade to function. Give it the
                  | item?
 40708 | Vaults:2 | This trove needs a +6 demon blade to function. Give it the
                  | item?
 40796 | D:13     | Bought a scroll of enchant weapon for 97 gold pieces
 40796 | D:13     | Bought a scroll of fear for 52 gold pieces
 40902 | D:10     | Bought a scroll of enchant weapon for 97 gold pieces
 40902 | D:10     | Bought a scroll of enchant weapon for 97 gold pieces
 41199 | Vaults:2 | This trove needs a +6 demon blade to function. Give it the
                  | item?
 41199 | Vaults:2 | You paid a toll of a +6 demon blade to enter a treasure
                  | trove
 41200 | Trove    | Entered a treasure trove
 41214 | Trove    | You add the spells Alistair's Intoxication, Storm Form and
                  | Necromutation to your library.
 41214 | Trove    | Got Niunarid's Meditations on the Figure
 41217 | Trove    | Got Jeocybec's Advanced Guide to the Arcane Arts
 41230 | Trove    | You add the spells Passage of Golubria and Yara's Violent
                  | Unravelling to your library.
 41233 | Trove    | Got Sif Muna's Parchment of Bewitching Force
 41254 | Trove    | You pick up a book of Party Tricks and begin reading...
 41257 | Trove    | You add the spells Gell's Gravitas and Teleport Other to
                  | your library.
 41260 | Trove    | Got Sif Muna's Codex of the Volcano and Gloom
 41336 | Vaults:2 | Reached skill level 7 in Translocations
 41338 | Vaults:2 | Reached skill level 20 in Unarmed Combat
 41462 | Vaults:2 | You pick up a book of Displacement and begin reading...
 41555 | Vaults:2 | Got the Quarto of Transmutation
 41609 | Vaults:2 | Noticed Bai Suzhen
 41621 | Vaults:2 | Killed Bai Suzhen
 41622 | Vaults:2 | Reached skill level 18 in Fighting
 42166 | Vaults:2 | Found Byudy's Magic Scroll Boutique.
 42174 | Vaults:2 | Bought a scroll of blinking for 127 gold pieces
 42174 | Vaults:2 | Bought a scroll of teleportation for 51 gold pieces
 42174 | Vaults:2 | Bought a scroll of teleportation for 51 gold pieces
 42267 | Vaults:2 | You pick up a book of Hexes and begin reading...
 42535 | Vaults:2 | Reached skill level 8 in Translocations
 43469 | Vaults:3 | Reached skill level 9 in Translocations
 43485 | Vaults:3 | Noticed Margery
 43491 | Vaults:3 | Reached XP level 20. HP: 189/189 MP: 36/38
 43496 | Vaults:3 | Killed Margery
 43819 | Vaults:3 | Found a staircase to the Crypt.
 43917 | Vaults:3 | Reached skill level 19 in Fighting
 44028 | Vaults:3 | You fall into a shaft and drop 1 floor!
 44088 | Vaults:4 | Reached skill level 10 in Translocations
 44265 | Vaults:4 | Reached skill level 21 in Unarmed Combat
 44334 | Vaults:4 | Identified the +9 rapier "Harel" {holy, Drain rElec rC+
                  | rCorr MP+9}
 45178 | Vaults:4 | You add the spells Borgnjor's Revivification and Death's
                  | Door to your library.
 46376 | Vaults:3 | Reached skill level 11 in Translocations
 47336 | Elf:1    | Entered Level 1 of the Elven Halls
 47888 | Elf:1    | Reached skill level 17 in Dodging
 48213 | Elf:1    | Noticed Donald
 48216 | Elf:1    | Killed Donald
 48444 | Elf:1    | Found Cuirch's Jewellery Shop.
 48445 | Elf:1    | Found Kuytomu's Book Shoppe.
 48446 | Elf:1    | Found Gimiuh's Jewellery Shop.
 48663 | Elf:1    | Reached skill level 20 in Fighting
 48704 | Elf:1    | HP: 47/286 [deep elf blademaster simulacrum (26)]
 48705 | Elf:1    | HP: 15/286 [deep elf blademaster simulacrum (25)]
 48717 | Elf:1    | HP: 40/288 [flayed ghost/flay_damage (11)]
 48867 | Elf:1    | Noticed a curse skull
 48869 | Elf:1    | Killed a curse skull
 49271 | Elf:1    | Reached XP level 21. HP: 201/201 MP: 27/39
 49404 | Elf:1    | Reached skill level 12 in Translocations
 49783 | Elf:1    | You pick up a book of Scorching and begin reading...
 49783 | Elf:1    | You add the spells Scorch and Summon Cactus Giant to your
                  | library.
 50347 | Elf:2    | Found a runed translucent door.
 50404 | Elf:2    | Found a runed translucent door.
 50634 | Elf:2    | Reached skill level 22 in Unarmed Combat
 51497 | Elf:3    | Entered Level 3 of the Elven Halls
 51767 | Elf:3    | Noticed Roxanne
 51772 | Elf:3    | Killed Roxanne
 52238 | Elf:3    | Reached skill level 13 in Translocations
 52520 | Elf:3    | Found Late's General Store.
 52569 | Elf:3    | Bought a potion of curing for 42 gold pieces
 52858 | Elf:3    | Reached skill level 21 in Fighting
 53166 | Elf:3    | Identified the +5 demon whip of Incongruity {flame, Will+
                  | MP+9}
 53166 | Elf:3    | Identified the ring of Wuitipis {Fire *Corrode Str+6 Int+3
                  | Stlth+}
 53607 | Elf:3    | Got the Omnibus of the Destructive Geologist
 53609 | Elf:3    | Identified the staff "Omilaose" {rC+ Dex+4 Ice}
 53622 | Elf:3    | You pick up a book of Minor Magic and begin reading...
 53627 | Elf:3    | Identified the +5 hand axe "Xomix" {venom, rElec rF+ Will-
                  | Str+3}
 53887 | Elf:3    | Reached skill level 14 in Translocations
 54163 | Depths:1 | Entered Level 1 of the Depths
 54597 | Depths:1 | Found a white marble altar of Elyvilon.
 54750 | Depths:1 | You pick up a book of Misfortune and begin reading...
 55121 | Depths:1 | Found a gateway to Hell.
 55324 | Depths:1 | Found a bloodstained altar of Trog.
 55629 | Depths:1 | Found a one-way gate leading to the halls of Pandemonium.
 55668 | Depths:1 | Reached skill level 18 in Dodging
 56057 | Depths:2 | Reached skill level 15 in Translocations
 56069 | Depths:2 | Reached XP level 22. HP: 213/213 MP: 35/40
 56121 | Depths:2 | Found a one-way gate to the infinite horrors of the Abyss.
 56422 | Depths:2 | Noticed Sojobo
 56424 | Depths:2 | Found a one-way gateway to a ziggurat.
 56432 | Depths:2 | Killed Sojobo
 56511 | Depths:2 | Reached skill level 19 in Dodging
 56947 | Depths:2 | You fall into a shaft and drop 1 floor!
 56949 | Depths:3 | Noticed a juggernaut
 56968 | Depths:3 | Noticed a golden dragon
 56983 | Depths:3 | Noticed Kipaog's ghost (adept BaRe)
 57027 | Depths:3 | Found a transporter.
 57207 | Depths:2 | Noticed a juggernaut
 57214 | Depths:2 | Killed a juggernaut
 57733 | Depths:2 | Reached skill level 20 in Dodging
 58033 | D:13     | Identified the +1 cloak "Rute" {rElec rC- Regen+ Str+5}
 58589 | Depths:3 | Noticed a golden dragon
 58595 | Depths:3 | Killed a golden dragon
 58928 | Depths:3 | Found a transporter.
 59360 | Depths:3 | Reached skill level 21 in Dodging
 59791 | Depths:3 | Noticed Jory
 59796 | Depths:3 | Paralysed by a vampire knight for 2 turns
 59801 | Depths:3 | HP: 63/315 [Jory/+3 battleaxe of draining (22)]
 59803 | Depths:3 | HP: 21/303 [something (17)]
 60334 | Depths:3 | Killed Jory
 60450 | Depths:3 | Reached XP level 23. HP: 202/202 MP: 13/41
 60757 | Depths:4 | Entered Level 4 of the Depths
 62035 | Depths:4 | Noticed Vv
 62207 | Depths:3 | Killed Vv
 62323 | Depths:4 | Reached skill level 16 in Translocations
 62362 | Depths:4 | Found a gate to the Realm of Zot.
 62795 | Depths:4 | You pick up a book of Changes and begin reading...
 62795 | Depths:4 | You add the spells Beastly Appendage and Wereblood to your
                  | library.
 63253 | Depths:4 | Found a runed translucent door.
 63253 | Depths:4 | Found a shimmering altar of Xom.
 63253 | Depths:4 | Noticed Hacs's ghost (veteran DgCj)
 63253 | Depths:4 | Identified the +5 great mace of the Arena {chaos, rPois
                  | MP+9 Dex+4}
 63692 | Depths:4 | HP: 78/333 [Hacs's ghost (49)]
 63694 | Depths:4 | Killed Hacs's ghost
 63695 | Depths:4 | Reached skill level 22 in Fighting
 63831 | Depths:4 | You pick up a book of Annihilations and begin reading...
 63831 | Depths:4 | You add the spells Chain Lightning and Shatter to your
                  | library.
 64010 | Depths:4 | Bought a potion of heal wounds for 75 gold pieces
 64010 | Depths:4 | Bought a potion of heal wounds for 75 gold pieces
 64010 | Depths:4 | Bought a potion of might for 60 gold pieces
 64013 | Depths:4 | Bought the ring "Hatucer" {rPois rC+ rCorr Dex+3} for 826
                  | gold pieces
 64097 | Depths:4 | Bought the ring "Hirphuj" {rF+ Will+ Str+2 Dex+6} for 657
                  | gold pieces
 64336 | Slime:1  | Entered Level 1 of the Pits of Slime
 67010 | Slime:3  | Reached skill level 17 in Translocations
 67548 | Slime:3  | Reached XP level 24. HP: 233/233 MP: 11/41
 67750 | Slime:5  | Entered Level 5 of the Pits of Slime
 67795 | Slime:5  | Noticed the Royal Jelly
 67807 | Slime:5  | Killed the Royal Jelly
 67812 | Slime:5  | Paralysed by a great orb of eyes for 2 turns
 67866 | Slime:5  | Found the +9 scales of the Dragon King {rPois rF+ rC+
                  | Will+}
 68034 | Slime:5  | Got a slimy rune of Zot
 68058 | Slime:5  | Identified the amulet "Giubub" {rElec Regen+ Int+3 SInv}
 68120 | Slime:5  | You pick up a book of Air and begin reading...
 69284 | Depths:3 | Killed Kipaog's ghost
 69290 | Depths:3 | Killed a juggernaut
 69291 | Depths:3 | Reached skill level 15 in Spellcasting
 69309 | Depths:3 | Reached skill level 23 in Fighting
 69728 | D:6      | Bought a potion of curing for 33 gold pieces
 69728 | D:6      | Bought a potion of curing for 33 gold pieces
 69728 | D:6      | Bought a potion of haste for 110 gold pieces
 69728 | D:6      | Bought a potion of ambrosia for 88 gold pieces
 69794 | Orc:1    | Bought 2 potions of curing for 84 gold pieces
 69794 | Orc:1    | Bought a potion of curing for 42 gold pieces
 69794 | Orc:1    | Bought a potion of curing for 42 gold pieces
 69837 | Orc:2    | Bought a potion of might for 68 gold pieces
 69837 | Orc:2    | Bought a potion of might for 68 gold pieces
 69839 | Orc:2    | Bought a potion of mutation for 96 gold pieces
 69839 | Orc:2    | Bought 2 potions of resistance for 240 gold pieces
 69895 | D:8      | Bought a potion of cancellation for 104 gold pieces
 69951 | Orc:2    | Bought a potion of haste for 130 gold pieces
 69951 | Orc:2    | Bought a potion of resistance for 130 gold pieces
 69951 | Orc:2    | Bought a potion of mutation for 104 gold pieces
 70101 | D:15     | Bought a potion of mutation for 120 gold pieces
 70101 | D:15     | Bought a potion of ambrosia for 120 gold pieces
 70101 | D:15     | Bought a potion of haste for 150 gold pieces
 70101 | D:15     | Bought 2 potions of cancellation for 240 gold pieces
 70101 | D:15     | Bought a potion of haste for 150 gold pieces
 70251 | Orc:2    | Bought a potion of berserk rage for 125 gold pieces
 70499 | Snake:3  | Bought a potion of invisibility for 336 gold pieces
 70499 | Snake:3  | Bought a scroll of teleportation for 126 gold pieces
 70499 | Snake:3  | Bought a potion of invisibility for 336 gold pieces
 70810 | Depths:4 | Bought the ring of Raschats {rN+++ rCorr MP+9 Dex-3 SInv}
                  | for 927 gold pieces
 71125 | Crypt:1  | Entered Level 1 of the Crypt
 71432 | Crypt:1  | Noticed Saint Roka
 71440 | Crypt:1  | Noticed a curse skull
 71444 | Crypt:1  | Killed a curse skull
 71445 | Crypt:1  | Noticed Aizul
 71470 | Crypt:1  | Killed Aizul
 71475 | Crypt:1  | Reached skill level 23 in Unarmed Combat
 71479 | Crypt:1  | Killed Saint Roka
 71480 | Crypt:1  | Reached skill level 18 in Translocations
 71724 | Crypt:1  | Noticed a royal mummy
 71729 | Crypt:1  | Noticed Khufu
 71731 | Crypt:1  | Noticed a royal mummy
 71736 | Crypt:1  | Killed Khufu
 71742 | Crypt:1  | Killed a royal mummy
 71752 | Crypt:1  | Killed a royal mummy
 72431 | Crypt:1  | Identified the +5 buckler of Exceptional Brilliance {Regen+
                  | Int-4 Dex+3}
 73313 | Crypt:2  | Reached skill level 22 in Dodging
 73758 | Crypt:2  | Found a runed translucent gate.
 73758 | Crypt:2  | Found a runed translucent gate.
 73759 | Crypt:2  | Found a runed translucent gate.
 73761 | Crypt:2  | Noticed Ge0ff's ghost (veteran AtCK)
 74039 | Crypt:2  | Killed Ge0ff's ghost
 74244 | Crypt:3  | Entered Level 3 of the Crypt
 74958 | Crypt:3  | Found a staircase to the Tomb.
 74962 | Crypt:3  | Noticed a curse skull
 74965 | Crypt:3  | Killed a curse skull
 75188 | Crypt:3  | Reached XP level 25. HP: 243/243 MP: 36/42
 75219 | Crypt:3  | Reached skill level 19 in Translocations
 75300 | Crypt:3  | Found an ancient bone altar of Kikubaaqudgha.
 75692 | Crypt:3  | Identified the +10 quarterstaff "Omelette" {elec, Str+5
                  | Int-3 Dex+2}
 76091 | Crypt:3  | Noticed a curse skull
 76092 | Crypt:3  | Killed a curse skull
 76169 | Crypt:3  | Found the +7 great mace "Undeadhunter" {deathbane, rN+}
 76186 | Crypt:3  | Identified the amulet of Telat {Harm +Blink rC+++ Regen+
                  | rCorr}
 76186 | Crypt:3  | Identified the ring "Reudysmi" {rElec rN+}
 76186 | Crypt:3  | Identified the ring of Vinycir {rN+ Slay+6}
 76621 | Depths:2 | Voluntarily entered the Abyss.
 76908 | Abyss:2  | Found a corrupted altar of Lugonu.
 76929 | Abyss:2  | Learned a level 6 spell: Dispersal
 76932 | Abyss:2  | Learned a level 2 spell: Blink
 76937 | Abyss:2  | Learned a level 4 spell: Passage of Golubria
 76940 | Abyss:2  | Learned a level 2 spell: Wereblood
 76946 | Abyss:2  | Learned a level 5 spell: Irradiate
 76952 | Abyss:2  | Learned a level 5 spell: Yara's Violent Unravelling
 77262 | Abyss:2  | Gained mutation: You occasionally shout uncontrollably at
                  | your foes. [a neqoxec]
 77523 | Abyss:2  | Reached skill level 16 in Spellcasting
 77605 | Abyss:2  | Found a corrupted altar of Lugonu.
 77609 | Abyss:2  | Found a corrupted altar of Lugonu.
 77885 | Abyss:3  | Got an abyssal rune of Zot
 77892 | Abyss:3  | Gained mutation: You are clumsy. (Dex -2) [a neqoxec]
 77949 | Depths:2 | You pass through the gate.
 77949 | Depths:2 | Escaped the Abyss
 78483 | Vaults:5 | Entered Level 5 of the Vaults
 78498 | Vaults:5 | Reached skill level 20 in Translocations
 78505 | Vaults:5 | Noticed a dread lich
 78505 | Vaults:5 | Noticed an ancient lich
 78509 | Vaults:5 | Killed a dread lich
 78525 | Vaults:5 | Killed an ancient lich
 78526 | Vaults:5 | Reached skill level 24 in Fighting
 78567 | Vaults:5 | Noticed a dread lich
 78572 | Vaults:5 | Killed a dread lich
 78627 | Vaults:5 | Reached XP level 26. HP: 219/254 MP: 4/43
 78759 | Vaults:5 | Reached skill level 24 in Unarmed Combat
 79732 | Vaults:5 | Identified the staff "Wyn Rit" {rElec rF++ rC+ MP-9 SInv
                  | Ice}
 79735 | Vaults:5 | Identified the ring "Ydghalaw" {MP+9 Dex+3}
 79737 | Vaults:5 | You add the spells Vampiric Draining and Maxwell's
                  | Capacitive Coupling to your library.
 79737 | Vaults:5 | Got the Volume of the Atmospheric Graveyard
 79739 | Vaults:5 | You pick up a book of Lightning and begin reading...
 79739 | Vaults:5 | You add the spells Vhi's Electric Charge and Arcjolt to
                  | your library.
 79741 | Vaults:5 | You pick up a book of the Dragon and begin reading...
 79744 | Vaults:5 | Got a silver rune of Zot
 79746 | Vaults:5 | Got the Encyclopedia of Refrigeration and Attacks
 79773 | Vaults:5 | Identified the staff of Ignis, Winnowing {Drain rElec rPois
                  | Will++ Int+4 Poison}
 79778 | Vaults:5 | Identified the ring of Doubts {Ice rPois Str+2}
 79865 | Vaults:5 | Reached skill level 21 in Translocations
 80627 | Depths:4 | Lost mutation: You are clumsy. (Dex -2) [potion of
                  | mutation]
 80627 | Depths:4 | Lost mutation: You occasionally shout uncontrollably at
                  | your foes. [potion of mutation]
 80627 | Depths:4 | Gained mutation: You are dopey. (Int -2) [potion of
                  | mutation]
 80628 | Depths:4 | Lost mutation: You are dopey. (Int -2) [potion of mutation]
 80628 | Depths:4 | Gained mutation: You have an increased reservoir of magic.
                  | (+10% MP) [potion of mutation]
 80628 | Depths:4 | Gained mutation: You occasionally lose the ability to read
                  | scrolls when taking damage. [potion of mutation]
 80629 | Depths:4 | Lost mutation: You occasionally lose the ability to read
                  | scrolls when taking damage. [potion of mutation]
 80629 | Depths:4 | Lost mutation: You have an increased reservoir of magic.
                  | (+10% MP) [potion of mutation]
 80629 | Depths:4 | Gained mutation: You sometimes lose your temper in combat.
                  | [potion of mutation]
 80629 | Depths:4 | Gained mutation: You have hidden genetic potential. [potion
                  | of mutation]
 80630 | Depths:4 | Lost mutation: You have hidden genetic potential. [potion
                  | of mutation]
 80630 | Depths:4 | Lost mutation: You sometimes lose your temper in combat.
                  | [potion of mutation]
 80630 | Depths:4 | Gained mutation: Your mind is acute. (Int +4, Str/Dex -1)
                  | [potion of mutation]
 80637 | Depths:4 | Bought a scroll of blinking for 157 gold pieces
 80637 | Depths:4 | Bought a potion of heal wounds for 105 gold pieces
 80753 | D:15     | Bought the ring "Macecocu" {Wiz rF+} for 528 gold pieces
 80894 | Zot:1    | Entered Level 1 of the Realm of Zot
 81209 | Zot:1    | Noticed an electric golem
 81215 | Zot:1    | Killed an electric golem
 81219 | Zot:1    | Noticed an electric golem
 81241 | Zot:1    | Killed an electric golem
 81257 | Zot:1    | Reached skill level 23 in Dodging
 81261 | Zot:1    | HP: 93/384 [storm dragon/bolt of lightning (30)]
 82301 | Zot:1    | Identified the +8 sling "Ujeng" {flame, rCorr}
 82577 | Zot:1    | You pick up a book of Storms and begin reading...
 82577 | Zot:1    | You add the spells Static Discharge and Summon Lightning
                  | Spire to your library.
 82609 | Zot:1    | You pick up a book of Spatial Translocations and begin
                  | reading...
 82944 | Zot:1    | Reached skill level 17 in Spellcasting
 83248 | Zot:2    | Noticed an electric golem
 83255 | Zot:2    | Killed an electric golem
 84038 | Zot:2    | You pick up a book of the Senses and begin reading...
 84038 | Zot:2    | You add the spells Dazzling Flash, Agony and Silence to
                  | your library.
 84409 | Zot:2    | Reached skill level 22 in Translocations
 85006 | Zot:3    | Reached XP level 27. HP: 264/264 MP: 0/44
 85152 | Zot:3    | Noticed an orb of fire
 85527 | Zot:3    | Reached skill level 25 in Fighting
 85678 | Zot:2    | Gained mutation: Your body sometimes deteriorates upon
                  | taking damage. [an orb of fire]
 85680 | Zot:2    | Killed an orb of fire
 87637 | Zot:4    | Found a transporter.
 87661 | Zot:4    | Found a transporter.
 87681 | Zot:4    | Found a transporter.
 87733 | Zot:4    | Found a transporter.
 88292 | Zot:5    | Entered Level 5 of the Realm of Zot
 88292 | Zot:5    | Noticed a curse toe
 88295 | Zot:5    | Killed a curse toe
 88442 | Zot:5    | Reached skill level 23 in Translocations
 88640 | Zot:5    | Found Gileryru's Changing Room.
 88649 | Zot:5    | Bought a potion of mutation for 176 gold pieces
 88649 | Zot:5    | Bought 2 potions of mutation for 352 gold pieces
 88826 | Zot:5    | Found a runed translucent gate.
 88826 | Zot:5    | Found a runed translucent gate.
 88827 | Zot:5    | Found a runed translucent gate.
 88830 | Zot:5    | Noticed sastreii's ghost (master GnRe)
 89016 | Zot:5    | Killed sastreii's ghost
 89223 | Zot:5    | Noticed a dread lich
 89247 | Zot:5    | Noticed an ancient lich
 89254 | Zot:5    | Noticed an electric golem
 89269 | Zot:5    | Killed an electric golem
 89269 | Zot:5    | Noticed an orb of fire
 89270 | Zot:5    | Reached skill level 25 in Unarmed Combat
 89275 | Zot:5    | Noticed an orb of fire
 89285 | Zot:5    | Killed an orb of fire
 89302 | Zot:5    | Noticed an orb of fire
 89303 | Zot:5    | Killed an ancient lich
 89305 | Zot:5    | Killed a dread lich
 89307 | Zot:5    | Killed an electric golem
 89314 | Zot:5    | Reached skill level 18 in Spellcasting
 89318 | Zot:5    | Gained mutation: You do not regenerate when monsters are
                  | visible. [a cacodemon]
 89319 | Zot:5    | Noticed a dread lich
 89334 | Zot:5    | Killed a dread lich
 89730 | Zot:5    | Lost mutation: You do not regenerate when monsters are
                  | visible. [potion of mutation]
 89730 | Zot:5    | Lost mutation: Your body sometimes deteriorates upon taking
                  | damage. [potion of mutation]
 89730 | Zot:5    | Lost mutation: Your mind is acute. (Int +4, Str/Dex -1)
                  | [potion of mutation]
 89730 | Zot:5    | Gained mutation: You are partially covered in large bone
                  | plates. (SH +4) [potion of mutation]
 89730 | Zot:5    | Gained mutation: Your magical capacity is low. (-10% MP)
                  | [potion of mutation]
 89730 | Zot:5    | Gained mutation: You have hidden genetic defects. [potion
                  | of mutation]
 89730 | Zot:5    | Gained mutation: You possess an exceptional clarity of
                  | mind. [potion of mutation]
 89731 | Zot:5    | Lost mutation: You have hidden genetic defects. [potion of
                  | mutation]
 89731 | Zot:5    | Lost mutation: Your magical capacity is low. (-10% MP)
                  | [potion of mutation]
 89731 | Zot:5    | Lost mutation: You are partially covered in large bone
                  | plates. (SH +4) [potion of mutation]
 89731 | Zot:5    | Gained mutation: You occasionally shout uncontrollably at
                  | your foes. [potion of mutation]
 89735 | Zot:5    | Got the Orb of Zot
 90050 | Depths:1 | Noticed Jykufatz the pandemonium lord
 90060 | Depths:1 | Killed Jykufatz the pandemonium lord
 90061 | Depths:1 | Reached skill level 24 in Dodging
 90258 | D:$      | Escaped with the Orb!

Vanquished Creatures
  the Royal Jelly (Slime:5)
  2 dread liches (Vaults:5)
  An ancient lich (Vaults:5)
  An orb of fire (Zot:2)
  Mara (Snake:4)
  A pandemonium lord (Depths:1)
  Khufu (Crypt:1)
  The ghost of sastreii the Sluggish Gnoll, a master GnRe of Cheibriados (Zot:5)
  2 juggernauts
  Sojobo (Depths:2)
  2 royal mummies (Crypt:1)
  Vv (Depths:3)
  The ghost of Ge0ff the Alchemist, a veteran AtCK of Hepliaklqana (Crypt:2)
  The ghost of Hacs the Ruinous, a veteran DgCj (Depths:4)
  Saint Roka (Crypt:1)
  A Killer Klown (Zot:5)
  Vashnia (Snake:4)
  Margery (Vaults:3)
  A curse toe (Zot:5)
  9 golden dragons
  Bai Suzhen (Vaults:2)
  2 bone dragons (Abyss:2)
  Jory (Depths:3)
  A profane servitor (Depths:3)
  The ghost of Kipaog the Warrior, an adept BaRe of Ashenzari (Depths:3)
  4 electric golems
  A Brimstone Fiend (Zot:5)
  26 tentacled monstrosities
  6 liches
  A Hell Sentinel (D:15)
  Rupert (Lair:5)
  A walking earthen tome (Depths:2)
  5 Orb Guardians
  A shard shrike skeleton (Crypt:1)
  Asterion (Vaults:1)
  A walking crystal tome (Depths:3)
  9 titans
  3 deep elf blademasters
  5 quicksilver dragons
  2 deep elf master archers (Elf:3)
  22 acid blobs
  8 death cobs
  Polyphemus (Shoals:2)
  2 tentacled starspawn
  5 sphinxes
  15 storm dragons
  Kirke (D:13)
  Frances (D:12)
  4 ancient champions (Crypt:2)
  5 tengu reavers
  Donald (Elf:1)
  Roxanne (Elf:3)
  12 fire giants
  2 draconian monks
  5 nagarajas (Snake:4)
  6 revenants
  A daeva (Abyss:1)
  9 azure jellies
  12 rockslimes
  9 shadow dragons
  13 draconian knights
  Aizul (Crypt:1)
  9 ghost moths
  10 frost giants
  17 vault wardens
  3 iron dragons (Depths:3)
  8 draconian scorchers
  A balrug (Abyss:1)
  2 imperial myrmidons
  8 ghouls
  2 caustic shrike zombies
  5 deep elf elementalists (Elf:3)
  7 deep elf sorcerers (Elf:3)
  4 curse skulls
  2 orc warlords (Vaults:1)
  Louise (Shoals:1)
  6 formless jellyfish
  A cacodemon (Abyss:1)
  5 draconian shifters
  4 draconian stormcallers
  6 war gargoyles
  12 quicksilver oozes
  18 very ugly things
  16 stone giants
  9 draconian annihilators
  14 ironbound preservers
  7 ironbound thunderhulks
  15 vampire knights
  12 green draconians
  A lorocyproca (Depths:4)
  16 black draconians
  3 deep elf demonologists
  11 white draconians
  2 halazid warlocks (Desolation)
  9 deep elf annihilators
  13 yellow draconians
  9 purple draconians
  15 red draconians
  5 spark wasps
  13 dire elephants
  19 eidola
  10 deep elf death magi
  3 crystal guardians
  2 blizzard demons (Abyss:3)
  16 ettins
  7 fire dragons
  2 entropy weavers
  6 merfolk javelineers
  11 merfolk impalers
  7 deep elf high priests
  Josephine (D:11)
  10 yaktaur captains
  6 ragged hierophants
  2 spectral elves (Elf:1)
  A fenstrider witch zombie (Crypt:2)
  36 vault guards
  A spectral spriggan (Crypt:3)
  2 jiangshi
  3 rakshasas
  9 ice dragons
  19 great orbs of eyes
  A caustic shrike simulacrum (IceCv)
  2 spriggan zombies (Depths:2)
  5 servants of whispers (Desolation)
  3 salamander tyrants
  3 hydras
  5 ogre magi
  10 peacekeepers
  2 catoblepae
  A spriggan skeleton (Depths:2)
  A spriggan air mage (Depths:3)
  9 anacondas
  A merfolk aquamancer (Shoals:1)
  5 death knights
  3 merfolk avatars
  6 death yaks
  16 two-headed ogres
  6 satyrs
  2 alligator snapping turtles (Shoals:4)
  9 deep troll shamans
  11 ironbound frosthearts
  13 deep troll earth magi
  14 centaur warriors
  8 boulder beetles
  3 vampire magi
  3 tengu warriors
  An azure jelly zombie (Crypt:2)
  A demonic crawler (D:11)
  4 hell hogs
  27 dancing weapons
  12 naga sharpshooters
  9 thrashing horrors
  14 naga warriors
  A storm dragon zombie (Abyss:2)
  3 spriggan berserkers
  19 deep elf knights
  A wretched star (Abyss:3)
  10 shock serpents
  2 sixfirhies
  13 sun demons
  A titan skeleton (Abyss:2)
  11 skeletal warriors
  3 skysharks
  12 hell knights
  7 soul eaters
  33 shadow wraiths
  14 flayed ghosts
  6 iron trolls
  2 salamander mystics
  9 sea snakes
  55 deep trolls
  2 shadow demons
  Lodul (D:12)
  3 bog bodies
  A bunyip zombie (Crypt:2)
  15 lindwurms
  A tengu zombie (Depths:2)
  A deep troll (shapeshifter) (Vaults:5)
  A golden dragon skeleton (Crypt:3)
  5 naga ritualists
  2 glowing orange brains
  A spriggan simulacrum (IceCv)
  16 deep elf pyromancers
  A shadow dragon zombie (Crypt:2)
  11 harpies
  10 deep elf archers
  8 wizards
  27 deep elf zephyrmancers
  8 necromancers
  9 orc knights
  Pikel (D:8)
  18 ironbound convokers
  34 phantasmal warriors
  29 ugly things
  A manticore (shapeshifter) (Depths:3)
  An oklob plant (Lair:1)
  10 mana vipers
  18 manticores
  11 cyclopes
  20 salamanders
  7 shining eyes
  3 orc sorcerers
  A moth of wrath (shapeshifter) (Depths:2)
  A toenail golem (Depths:1)
  A spectral centaur (Crypt:3)
  24 moths of wrath
  27 black mambas
  21 fauns
  An eye of devastation (shapeshifter) (Vaults:5)
  7 merfolk sirens
  An apocalypse crab (Abyss:2)
  6 elephants (Lair:2)
  6 torpor snails
  A centaur zombie (Crypt:2)
  2 rust devils
  4 eyes of devastation
  Maurice (D:12)
  3 water nymphs
  An eleionoma skeleton (Crypt:2)
  2 molten gargoyles (Desolation)
  24 vault sentinels
  17 guardian serpents
  16 naga magi
  11 smoke demons
  2 stone giant skeletons
  A centaur skeleton (Abyss:2)
  7 orange demons
  2 gargoyles
  5 kobold demonologists
  4 cane toads
  3 hellions
  An unseen horror (shapeshifter) (Abyss:2)
  A purple draconian zombie (Crypt:1)
  4 rime drakes
  15 yaktaurs
  3 efreet
  12 freezing wraiths
  An unseen horror (D:10)
  A naga skeleton (Crypt:2)
  12 komodo dragons
  A pale draconian skeleton (Crypt:3)
  2 silent spectres
  A catoblepas skeleton (Crypt:1)
  An ancient zyme (Abyss:2)
  2 guardian mummies (Crypt:1)
  2 red devils
  6 ice devils
  A queen bee (shapeshifter) (Abyss:2)
  7 trolls
  7 hellwings
  A moth of wrath zombie (Crypt:3)
  25 merfolk
  11 polar bears
  7 hornets
  37 saltlings
  6 wind drakes
  13 raiju
  3 tyrant leeches (Lair:5)
  2 harpy skeletons
  5 dream sheep
  6 snapping turtles
  8 blink frogs
  A slime creature (shapeshifter) (Vaults:5)
  152 slime creatures
  3 fire bats
  10 flying skulls
  Sigmund (D:2)
  6 elf simulacra
  3 wyverns
  A dire elephant simulacrum (IceCv)
  2 ynoxinuls
  A hog (shapeshifter) (Depths:4)
  19 wraiths
  10 shadows
  12 starcursed masses
  23 water elementals
  2 hogs (D:13)
  16 vampire mosquitoes
  37 yaks
  A fire elemental (Elf:1)
  20 large abominations
  2 redbacks
  A black mamba skeleton (Crypt:3)
  6 neqoxecs
  18 golden eyes
  2 basilisks (D:13)
  2 chaos spawn
  Grum (D:11)
  Menkaure (D:4)
  A minotaur simulacrum (IceCv)
  A skyshark zombie (Crypt:3)
  11 wargs
  A naga (shapeshifter) (Vaults:1)
  A swamp worm (shapeshifter) (Depths:4)
  3 acid dragons
  35 nagas
  A deep troll zombie (Crypt:2)
  10 water moccasins
  14 hell hounds (Lair:5)
  A fire bat skeleton (Crypt:3)
  A demonspawn skeleton (Crypt:1)
  47 orc warriors
  An elephant zombie (Crypt:1)
  A sky beast (D:7)
  3 ice beasts
  17 ogres
  17 black bears
  A boggart (Vaults:3)
  24 wolves
  29 centaurs
  8 small abominations
  3 lemures (D:8)
  A snapping turtle skeleton (Crypt:3)
  A manticore skeleton (Crypt:2)
  13 bullfrogs
  6 kobold brigands
  A draconian skeleton (Crypt:3)
  A salamander skeleton (Crypt:3)
  2 necrophages
  A vine stalker zombie (Crypt:1)
  2 gnoll sergeants
  3 scorpions
  A scorpion (shapeshifter) (Vaults:5)
  3 earth elementals (Elf:1)
  13 wights
  A lindwurm simulacrum (IceCv)
  7 howler monkeys
  A crimson imp (D:10)
  2 quasits (Abyss:3)
  A black bear zombie (Crypt:2)
  2 hounds (D:6)
  3 human zombies (Crypt:1)
  A gnoll bouda (D:7)
  14 orc priests
  2 iron imps
  4 human skeletons (Crypt:1)
  An iguana (D:4)
  Natasha (thrice) (D:3)
  18 orc wizards
  A sickly merfolk siren (Sewer)
  A malarious merfolk avatar (Sewer)
  10 mummies
  Robin (D:3)
  17 gnolls
  6 adders
  2 river rats (Sewer)
  6 white imps
  6 ufetubi
  A worm zombie (Crypt:1)
  3 worms
  A dart slug (D:1)
  76 orcs
  12 ball pythons
  6 endoplasms
  5 giant cockroaches
  15 goblins
  11 hobgoblins
  3 jackals (D:4)
  5 quokkas
  6 bats
  10 frilled lizards
  A frilled lizard zombie (Crypt:2)
  A gnoll zombie (Ossuary)
  A hobgoblin zombie (Ossuary)
  33 kobolds
  5 kobold zombies
  An orc zombie (Ossuary)
  24 rats
  A rat skeleton (Crypt:1)
  2 rat zombies
  A lost soul (Elf:1)
  A spectral weapon (Depths:3)
  2 starspawn tentacles (Abyss:2)
2777 creatures vanquished.

Vanquished Creatures (collateral kills)
  A dread lich (Zot:5)
  A Killer Klown (Zot:5)
  An electric golem (Zot:5)
  7 Orb Guardians (Zot:5)
  A storm dragon (Zot:5)
  A stone giant (Zot:5)
  A soul eater (Zot:4)
  A gargoyle (D:10)
  A tyrant leech (Lair:5)
  A wraith (D:11)
  An orc warrior (D:10)
  A black bear (D:10)
  A mummy (Ossuary)
  A hobgoblin zombie (Ossuary)
20 creatures vanquished.

Vanquished Creatures (others)
  A dread lich (Zot:5)
  An ancient lich (Zot:5)
  2 orbs of fire (Zot:5)
  3 Killer Klowns (Zot:5)
  2 tentacled monstrosities (Zot:5)
  14 Orb Guardians
  A very ugly thing (Depths:4)
  A satyr (Shoals:3)
  A deep elf knight (Elf:1)
  A bog body (IceCv)
  A hornet (shapeshifter) (D:13)
  2 hornets (Lair:5)
  2 humans (D:13)
  A centaur (D:13)
  An orc wizard (Orc:2)
  A mummy (Ossuary)
  An orc (Orc:2)
  A gnoll zombie (Ossuary)
  3 ball lightnings (Depths:4)
  A butterfly (Depths:1)
  A spectral weapon (Zot:5)
  2 starspawn tentacles (Abyss:2)
44 creatures vanquished.

Grand Total: 2841 creatures vanquished

Action                     |  1- 3 |  4- 6 |  7- 9 | 10-12 | 13-15 | 16-18 | 19-21 | 22-24 | 25-27 || total
---------------------------+-------+-------+-------+-------+-------+-------+-------+-------+-------++-------
  Melee: Unarmed           |   160 |   248 |   279 |   496 |  1285 |   923 |   892 |  1247 |  1075 ||  6605
         Tailslap          |    23 |    24 |    47 |    86 |   262 |   163 |   111 |   165 |   109 ||   990
         Club              |     4 |       |       |       |       |       |       |       |       ||     4
         Punch             |     1 |     3 |    17 |    48 |   158 |   126 |    66 |   144 |   114 ||   677
         Bite              |       |       |       |       |       |    33 |    83 |   107 |    68 ||   291
   Cast: Statue Form       |       |       |       |       |     4 |    78 |       |       |     1 ||    83
         Dragon Form       |       |       |       |       |       |    16 |   102 |    95 |   102 ||   315
         Manifold Assault  |       |       |       |       |       |       |   302 |   380 |   335 ||  1017
         Wereblood         |       |       |       |       |       |       |       |       |     2 ||     2
         Dispersal         |       |       |       |       |       |       |       |       |     1 ||     1
 Invoke: Call Merchant     |       |       |       |       |     5 |       |       |     3 |     1 ||     9
         Potion Petition   |       |       |       |       |       |       |       |       |     1 ||     1
         Bribe Branch      |       |       |       |       |       |       |       |       |     2 ||     2
Ability: Breathe Steam     |       |       |    36 |    64 |   111 |     6 |     8 |     4 |     4 ||   233
  Evoke: Wand              |     4 |    14 |     9 |     5 |    41 |    15 |       |     1 |     3 ||    92
         Lightning rod     |       |       |       |       |       |     4 |     2 |       |       ||     6
         Condenser vane    |       |       |       |       |       |       |       |     1 |       ||     1
    Use: Scroll            |       |       |       |    18 |     7 |     7 |    11 |     3 |     8 ||    54
         Potion            |       |       |       |       |    14 |     1 |     2 |     7 |     9 ||    33
   Stab: Sleeping          |     3 |     5 |     3 |     4 |     6 |     6 |     5 |     3 |     1 ||    36
         Distracted        |       |       |     2 |     3 |    10 |     7 |    10 |    16 |    12 ||    60
         Petrified         |       |       |       |       |       |     2 |       |       |       ||     2
         Invisible         |       |       |       |       |       |       |       |     2 |       ||     2
 Armour: Skin              |    31 |    54 |    56 |    69 |   191 |   341 |   162 |   284 |   172 ||  1360
  Dodge: Dodged            |   100 |   207 |   267 |   444 |  1742 |  1614 |   420 |   547 |   538 ||  5879

Illustrated notes

Table legend:
 A = Kills in this place as a percentage of kills in the entire game.
 B = Kills by you in this place as a percentage of kills by you in the entire game.
 C = Kills by friends in this place as a percentage of kills by friends in the entire game.
 D = Other kills in this place as a percentage of other kills in the entire game.
 E = Experience gained in this place as a percentage of experience gained in the entire game.
 F = Experience gained in this place divided by the number of levels of this place that you have seen.
                   A       B       C       D       E      F
               +-------+-------+-------+-------+-------+----------------------
         Total | 100.0 | 100.0 | 100.0 | 100.0 | 100.0 | 26375.9
       Dungeon |  14.7 |  14.6 |  25.0 |  28.6 |   4.8 | 5355.1
          Lair |   6.5 |   6.5 |   6.2 |   0.0 |   2.9 | 9938.4
        Shoals |   5.4 |   5.4 |   0.0 |   0.0 |   4.9 | 20471.0
     Snake Pit |   6.3 |   6.3 |   0.0 |   0.0 |   6.0 | 25358.2
    Slime Pits |   6.7 |   6.8 |   0.0 |   0.0 |   6.2 | 21072.4
  Orcish Mines |   4.1 |   4.1 |   0.0 |  14.3 |   0.7 | 5804.0
   Elven Halls |   5.7 |   5.7 |   0.0 |  14.3 |   7.3 | 40823.3
        Vaults |  13.8 |  13.9 |   0.0 |   0.0 |  18.7 | 63162.2
         Crypt |   7.7 |   7.8 |   0.0 |   0.0 |   8.5 | 47688.3
        Depths |  11.3 |  11.3 |   0.0 |  14.3 |  16.0 | 67330.0
           Zot |   8.7 |   8.4 |  56.2 |  14.3 |  18.3 | 61675.2
         Abyss |   4.7 |   4.8 |   0.0 |   0.0 |   3.9 | 21802.3
         Sewer |   1.5 |   1.5 |   0.0 |   0.0 |   0.0 | 147.0
       Ossuary |   0.5 |   0.4 |  12.5 |   0.0 |   0.0 | 137.0
      Ice Cave |   0.3 |   0.3 |   0.0 |  14.3 |   0.2 | 3129.0
    Desolation |   2.2 |   2.2 |   0.0 |   0.0 |   1.8 | 29891.0
               +-------+-------+-------+-------+-------+----------------------

Table legend: (Time is in decaauts)
 A = Elapsed time spent in this place.
 B = Non-inter-level travel time spent in this place.
 C = Inter-level travel time spent in this place.
 D = Time resting spent in this place.
 E = Time spent auto-exploring this place.
 F = Levels seen in this place.
 G = Mean time per level.
                   A        B        C        D        E       F      G
               +--------+--------+--------+--------+--------+-----+--------+
         Total |  90634 |  81254 |   9380 |  12555 |  54946 |  64 | 1416.2 |
       Dungeon |  18102 |  14971 |   3131 |   1851 |  10492 |  15 | 1206.8 |
        Temple |    149 |    120 |     29 |      0 |    100 |   1 |  149.0 |
          Lair |   8147 |   7347 |    800 |   1339 |   4795 |   5 | 1629.4 |
        Shoals |   5150 |   4737 |    413 |    534 |   3102 |   4 | 1287.5 |
     Snake Pit |   7120 |   6462 |    658 |   1193 |   4138 |   4 | 1780.0 |
    Slime Pits |   4531 |   4181 |    350 |    563 |   2972 |   5 |  906.2 |
  Orcish Mines |   1962 |   1646 |    316 |    354 |    909 |   2 |  981.0 |
   Elven Halls |   6563 |   6290 |    273 |    714 |   4899 |   3 | 2187.7 |
        Vaults |  10443 |   9184 |   1259 |    381 |   7585 |   5 | 2088.6 |
         Crypt |   5111 |   4909 |    202 |    438 |   3888 |   3 | 1703.7 |
        Depths |  10696 |   9436 |   1260 |   1929 |   6349 |   4 | 2674.0 |
           Zot |   8846 |   8163 |    683 |   2406 |   4762 |   5 | 1769.2 |
         Abyss |   1245 |   1245 |      0 |      0 |      0 |   3 |  415.0 |
         Trove |     83 |     83 |      0 |      0 |     57 |   1 |   83.0 |
         Sewer |    498 |    498 |      0 |      2 |    247 |   1 |  498.0 |
       Ossuary |    384 |    384 |      0 |    165 |    101 |   1 |  384.0 |
      Ice Cave |    609 |    609 |      0 |    502 |     27 |   1 |  609.0 |
    Desolation |    987 |    987 |      0 |    179 |    519 |   1 |  987.0 |
               +--------+--------+--------+--------+--------+-----+--------+

Top non-repeatable levels by time:
Depths:3: 4234 daAuts
  Lair:5: 2752 daAuts
Vaults:3: 2670 daAuts
   Zot:1: 2495 daAuts
   Elf:1: 2470 daAuts
   Elf:3: 2421 daAuts
Depths:1: 2401 daAuts
Vaults:2: 2313 daAuts
Depths:4: 2233 daAuts
   Zot:2: 2222 daAuts
    D:10: 2218 daAuts
 Snake:4: 2164 daAuts
   Zot:4: 2149 daAuts
 Snake:1: 2144 daAuts
    D:15: 2119 daAuts
